 Dungeon Crawl Stone Soup version 0.20-a0-266-gdedccd6 (webtiles) character file.

151 Ryco the Firebug (level 5, -1/28 HPs)
             Began as a Deep Elf Fire Elementalist on Dec 5, 2016.
             Killed from afar by an orc wizard (4 damage)
             ... with a puff of flame
             ... on level 4 of the Dungeon.
             The game lasted 00:10:59 (1440 turns).

Ryco the Firebug (Deep Elf Fire Elementalist)       Turns: 1440, Time: 00:11:00

Health: -1/28      AC:  5    Str:  5    XL:     5   Next: 10%
Magic:  3/12       EV: 17    Int: 21    God:
Gold:   79         SH:  0    Dex: 15    Spells: 0/11 levels left

rFire  . . .     SeeInvis +     i - +0 dagger
rCold  . . .     Gourm    .     a - +0 robe
rNeg   . . .     Faith    .     (no shield)
rPois  .         Spirit   .     h - +2 helmet {SInv}
rElec  .         Reflect  .     (no cloak)
rCorr  .         Harm     .     (no gloves)
MR     .....                    (no boots)
Stlth  ++........               (no amulet)
                                (no ring)
                                e - +4 ring of evasion

@: very slightly contaminated
A: no striking features
a: no special abilities


You were on level 4 of the Dungeon.
You were not hungry.

You visited 1 branch of the dungeon, and saw 4 of its levels.

You collected 79 gold pieces.

Inventory:

Hand Weapons
 i - a +0 dagger (weapon)
 n - a +1 antimagic dagger
Armour
 a - a +0 robe (worn)
 h - a +2 helmet of see invisible (worn)
Jewellery
 e - a +4 ring of evasion (left hand)
Wands
 o - a wand of disintegration (8/24)
Scrolls
 g - a scroll of noise
 j - a scroll of remove curse
Potions
 f - a potion of resistance
 l - a potion of might
Books
 b - a book of Flames

   Spells                             Type                      Level
   a - Flame Tongue                   Conjuration/Fire             1
   b - Throw Flame                    Conjuration/Fire             2
   c - Conjure Flame                  Conjuration/Fire             3
   d - Inner Flame                    Hexes/Fire                   3
   e - Sticky Flame                   Conjuration/Fire             4
   f - Fireball                       Conjuration/Fire             5
Comestibles
 c - a bread ration
 k - a meat ration


   Skills:
 + Level 0.5 Fighting
 + Level 3.2 Dodging
 - Level 2.4 Stealth
 + Level 3.9 Spellcasting
 * Level 3.2 Conjurations
 + Level 4.4 Fire Magic


You couldn't memorise any spells.
You knew the following spells:

 Your Spells              Type           Power        Failure   Level  Hunger
a - Flame Tongue          Conj/Fire      ###..        2%          1    None
c - Conjure Flame         Conj/Fire      ###.....     10%         3    ###....
i - Inner Flame           Hex/Fire       ##......     17%         3    ###....
s - Sticky Flame          Conj/Fire      ###.....     28%         4    ####...


Dungeon Overview and Level Annotations

Branches:
Dungeon (4/15)
 Temple: D:4-7

Altars:
Hepliaklqana
Kikubaaqudgha
Uskayaw


Message History

You are very lightly contaminated with residual magic.
As you read the scroll of blinking, it crumbles to dust.
The orc priest calls down the wrath of Beogh upon you.
Beogh smites you!
* * * LOW HITPOINT WARNING * * *
Casting: Flame Tongue
Confirm with . or Enter, or press ? or * to list all spells.
Aiming: Conjure Flame
Press: ? - help, Dir - move target cursor The fire roars!
The orc priest looks braver for a moment.
Casting: Conjure Flame
Confirm with . or Enter, or press ? or * to list all spells.
Aiming: Conjure Flame
Press: ? - help, Dir - move target cursor The fire roars!
The orc wizard mumbles some strange words.
The orc wizard gestures at you while chanting.
The puff of flame hits you!
You die...

,,,,.........###.............#
,,,,..##....oo###...........##
,,,,,#...####ยง#####........##
,,,,.>.#** #..# ###[....##
,,,,.#** ##.## ******* *,,***
####..# ,*** ###...#.##
*###### **
###....##..###.....#
##......###@##......##
##......## #..........##
##......## ##..........#
#......## ##........>..## *
#...#### #.............# *
##### #....>........## *
#..............# *
#.............#* # **
#...........##* #


You could see an orc wizard and an orc.

Vanquished Creatures
  A hound (D:4)
  7 adders
  3 worms
  A leopard gecko (D:4)
  An orc (D:4)
  5 bats
  2 giant cockroaches
  5 goblins
  3 hobgoblins
  3 jackals (D:2)
  5 kobolds
  6 frilled lizards
  7 rats
49 creatures vanquished.

Vanquished Creatures (others)
  A goblin (D:1)
1 creature vanquished.

Grand Total: 50 creatures vanquished

Notes
Turn   | Place    | Note
-------+----------+-------------------------------------------
     0 | D:1      | Ryco the Deep Elf Fire Elementalist began the quest for the Orb.
     0 | D:1      | Reached XP level 1. HP: 10/10 MP: 6/6
   193 | D:2      | Reached XP level 2. HP: 15/15 MP: 4/8
   236 | D:2      | Reached skill level 4 in Fire Magic
   346 | D:2      | Reached XP level 3. HP: 14/19 MP: 5/9
   396 | D:2      | Learned a level 3 spell: Conjure Flame
  1006 | D:3      | Reached XP level 4. HP: 19/24 MP: 4/11
  1012 | D:3      | Learned a level 4 spell: Sticky Flame
  1021 | D:3      | Found an ancient bone altar of Kikubaaqudgha.
  1096 | D:3      | Found a hazy altar of Hepliaklqana.
  1096 | D:3      | Found a hide-covered altar of Uskayaw.
  1278 | D:4      | Reached XP level 5. HP: 19/28 MP: 8/12
  1283 | D:4      | Learned a level 3 spell: Inner Flame
  1440 | D:4      | Killed from afar by an orc wizard

Vault maps used:
D:1:      dpeg_arrival_solitude, lemuel_flame_loot_1
D:3:      kiku_gazebo_pond_becter, gammafunk_temple_overflow_wave
D:4:      first_bread, portal_sewer_entry_e, hangedman_decor_push,
          eino_small_chamber_without_monster

Skill      XL: |  1  2  3  4 |
---------------+-------------+-----
Fire Magic     | 4 |  4.4
Dodging        | 3 |  3.2
Conjurations   | 2 3 |  3.2
Fighting       | |  0.5
Stealth        | |  2.4
Spellcasting   | |  3.9

Action                   |  1- 3 |  4- 6 || total
-------------------------+-------+-------++-------
Melee: Dagger            |    25 |    11 ||    36
 Cast: Flame Tongue      |    58 |    27 ||    85
       Conjure Flame     |       |     3 ||     3
  Use: Scroll            |     7 |     5 ||    12
 Stab: Sleeping          |     3 |     1 ||     4
  Eat: Chunk             |       |     1 ||     1
       Beef jerky        |       |     1 ||     1
Armor: Robe              |    13 |     6 ||    19
Dodge: Dodged            |    31 |     9 ||    40
